Map: Lightshade LE

Players

MADDOG

  • Race: Terran Terran
  • League: Master
  • Spawn Location: 5:00

Pumba - Winner!

  • Race: Zerg Zerg
  • League: Diamond
  • Spawn Location: 11:00

VOD

Have the link to the VOD?

Description

Time

  • Played on: Aug. 24, 2021, 8:57 p.m.
  • Length: 12:22
Show
View Real Time Build Order
Export as new Build Order

MADDOG Terran 

Build Orders: Reaper Expand 

Get SALT Encoding   

  12  0:00  SCV  
  13  0:12  SCV  
  14  0:17  Supply Depot  
  14  0:24  SCV  
  15  0:38  SCV  
  15  0:40  Barracks  
  16  0:44  Refinery  
  16  0:50  SCV  
  17  1:03  SCV  
  18  1:15  SCV  
  19  1:27  Reaper, Orbital Command  
  20  1:39  Command Center  
  20  1:51  Barracks  
  20  1:53  SCV  
  21  2:04  Supply Depot  
  21  2:05  Barracks Reactor  
  21  2:06  SCV  
  22  2:15  Barracks  
  22  2:18  SCV  
  23  2:32  SCV  
  24  2:42  Marine x2  
  25  2:56  SCV  
  27  3:00  Marine  
  28  3:06  Barracks Tech Lab  
  28  3:07  Barracks Tech Lab  
  28  3:08  SCV  
  28  3:15  Refinery  
  28  3:20  SCV  
  28  3:23  Marine x2  
  28  3:25  Stimpack, Combat Shield  
  32  3:29  Orbital Command  
  32  3:33  Supply Depot  
  31  3:37  Marine x2  
  31  3:38  SCV  
  31  3:40  Marine  
  35  3:44  Supply Depot  
  35  3:50  SCV  
  35  3:53  Marine  
  35  3:55  Marine  
  38  3:57  Factory  
  38  4:02  Marine x2  
  38  4:03  Supply Depot  
  38  4:04  SCV  
  38  4:05  SCV  
  42  4:11  Marine  
  43  4:19  Marine  
  43  4:20  Marine x2  
  43  4:21  SCV x2  
  47  4:33  SCV x2  
  49  4:42  Marine x3  
  49  4:44  Supply Depot, Concussive Shells, Starport  
  49  4:45  SCV, Factory Reactor  
  53  4:52  SCV  
  54  4:53  Supply Depot  
  54  4:57  SCV  
  55  5:01  Command Center  
  54  5:20  Marine x4  
  46  5:36  Starport Reactor  
  46  5:37  Widow Mine  
  46  5:38  Marine x4  
  52  5:55  Marine  
  52  5:56  Marine x3  
  50  6:05  Supply Depot x2  
  50  6:06  Engineering Bay  
  50  6:07  Engineering Bay  
  46  6:13  Marine x2  
  46  6:14  Marauder x2  
  46  6:15  Medivac, Widow Mine x2  
  46  6:16  Medivac  
  60  6:22  Orbital Command  
  60  6:23  SCV  
  61  6:31  Marine x2  
  63  6:34  Missile Turret  
  63  6:35  Marauder, Marine  
  63  6:36  Missile Turret  
  63  6:38  Missile Turret  
  66  6:46  Terran Infantry Armor Level 1, Terran Infantry Weapons Level 1  
  66  6:51  Refinery  
  66  6:52  SCV x3  
  66  6:53  Refinery  
  69  6:57  Missile Turret  
  69  6:59  Widow Mine x2  
  73  7:10  Marine x4  
  76  7:22  Armory  
  75  7:27  Marine, Orbital Command  
  75  7:28  Marauder, Marine x2  
  80  7:33  Barracks  
  80  7:35  Barracks  
  80  7:37  SCV x2  
  82  7:45  Marine x2  
  82  7:46  Marauder  
  82  7:50  Marine  
  85  8:00  SCV, Missile Turret  
  85  8:01  SCV, Missile Turret  
  85  8:02  SCV  
  85  8:03  Marine x2  
  90  8:07  Marine  
  90  8:08  Marauder  
  93  8:13  SCV x2  
  93  8:14  SCV  
  96  8:21  Marine  
  96  8:25  SCV x2  
  96  8:26  SCV, Medivac x2  
  104  8:29  Widow Mine x2  
  104  8:31  Barracks Reactor x2  
  108  8:37  Supply Depot  
  108  8:40  Supply Depot  
  108  8:45  Supply Depot  
  105  8:59  Marine x3  
  108  9:06  Supply Depot  
  108  9:07  Supply Depot, Medivac x2  
  108  9:08  Supply Depot, Widow Mine x2, Marine  
  108  9:09  Supply Depot, Terran Infantry Weapons Level 2, Terran Infantry Armor Level 2  
  117  9:17  Missile Turret  
  117  9:27  Marine x4  
  117  9:28  Marauder x2  
  117  9:29  Marine x2  
  127  9:33  Terran Vehicle Weapons Level 1  
  123  9:42  Medivac x2  
  123  9:43  Widow Mine x2  
  123  9:45  Marine x4  
  133  9:47  Marine x2  
  133  9:49  Marauder x2  
  111  10:06  Marine x6  
  89  10:10  Marine x2  
  91  10:18  Widow Mine x2  
  95  10:23  Marine x2  
  95  10:24  Marine x2  
  95  10:27  Marine x2  
  101  10:28  Marauder x2  
  101  10:40  SCV x3, Missile Turret  
  101  10:41  Marine x3  
  101  10:42  Marine  
  108  10:45  Marine  
  113  10:50  Marauder x2  
  113  10:52  SCV x3  
  114  10:59  Marine x5  
  114  11:03  Marine  
  120  11:04  SCV  
  120  11:11  Marauder, Marine  
  116  11:17  Marine  
  102  11:27  Marine  
  102  11:29  Marauder  
  105  11:32  Marauder  
  105  11:35  Marine  
  83  11:50  Marauder  
  83  11:53  Marine x2  
Show
View Real Time Build Order
Export as new Build Order

Pumba Zerg - Winner!

Build Orders: Pool First 

Get SALT Encoding   

  12  0:00  Drone  
  13  0:12  Overlord  
  13  0:16  Drone  
  14  0:30  Drone x2  
  16  0:35  Drone  
  17  0:43  Extractor  
  17  0:46  Drone  
  17  0:50  Spawning Pool  
  17  0:56  Drone  
  17  1:09  Drone  
  18  1:17  Hatchery  
  17  1:21  Drone  
  18  1:29  Drone  
  19  1:37  Queen  
  19  1:39  Zergling x2  
  22  1:51  Overlord  
  22  1:52  Metabolic Boost  
  22  2:10  Drone  
  22  2:12  Queen  
  25  2:25  Drone  
  26  2:30  Extractor  
  26  2:37  Lair  
  26  2:40  Drone  
  27  2:44  Drone x2  
  27  2:45  Extractor  
  27  2:47  Drone  
  27  2:48  Drone  
  28  2:52  Drone x2  
  28  2:53  Drone  
  28  2:57  Drone  
  32  3:10  Overlord  
  32  3:15  Drone  
  32  3:17  Drone  
  34  3:20  Overlord  
  34  3:25  Drone  
  34  3:26  Drone  
  36  3:28  Drone x2  
  36  3:29  Drone  
  36  3:30  Drone  
  40  3:34  Drone x2  
  42  3:42  Spire  
  42  3:47  Zergling x2  
  42  3:51  Drone  
  43  3:57  Drone x3  
  43  4:00  Queen  
  48  4:08  Overseer  
  48  4:11  Hatchery  
  47  4:19  Extractor  
  47  4:20  Drone x3, Extractor  
  47  4:21  Drone x2  
  47  4:23  Drone  
  52  4:38  Drone  
  52  4:39  Baneling Nest  
  52  4:40  Overlord x3  
  51  4:51  Zergling x2  
  51  4:52  Spine Crawler  
  51  4:54  Zergling x2  
  51  4:59  Zergling x6  
  54  5:05  Zergling x4  
  56  5:07  Zergling x2  
  56  5:08  Zergling x2  
  52  5:17  Zergling x8  
  56  5:25  Zergling x6  
  48  5:42  Drone x3  
  47  6:00  Drone x3  
  47  6:01  Drone x3  
  47  6:03  Queen x2  
  57  6:06  Overlord  
  57  6:11  Mutalisk x5  
  51  6:15  Mutalisk x3  
  67  6:19  Mutalisk  
  67  6:25  Zergling x2  
  70  6:28  Overlord  
  70  6:36  Centrifugal Hooks  
  70  6:37  Drone  
  71  6:40  Drone x2  
  71  6:42  Evolution Chamber  
  72  6:48  Drone  
  72  6:49  Drone x4  
  72  6:51  Evolution Chamber  
  72  6:53  Zergling x2  
  77  6:55  Zergling x2  
  77  7:00  Overlord  
  78  7:02  Drone x3  
  81  7:10  Zergling x6  
  84  7:25  Zerg Ground Armor Level 1, Zerg Melee Weapons Level 1  
  84  7:30  Pneumatized Carapace  
  84  7:31  Zerg Flyer Weapons Level 1  
  84  7:32  Drone x7  
  84  7:34  Drone x2  
  84  7:35  Extractor  
  92  7:37  Extractor  
  92  7:41  Zergling x6  
  93  7:49  Mutalisk x3  
  97  7:52  Baneling x7  
  95  7:59  Overlord x2  
  95  8:00  Overlord  
  95  8:25  Drone  
  95  8:26  Drone x5  
  102  8:27  Drone x3  
  102  8:28  Hatchery  
  102  8:33  Zergling x12  
  109  8:34  Overseer  
  109  8:37  Baneling x3  
  109  8:42  Mutalisk x5  
  119  8:59  Drone x2  
  119  9:01  Overlord x4  
  121  9:06  Extractor  
  120  9:10  Extractor  
  119  9:17  Zergling x6  
  119  9:19  Baneling  
  119  9:20  Baneling x3  
  119  9:24  Mutalisk x5  
  127  9:36  Mutalisk x4  
  134  9:38  Zergling x2  
  134  9:39  Zergling x4  
  134  9:41  Zergling x4  
  139  9:49  Overlord  
  121  10:03  Zergling x16  
  121  10:06  Drone  
  124  10:13  Drone x2  
  126  10:18  Drone  
  126  10:20  Queen  
  126  10:21  Queen  
  131  10:34  Drone  
  131  10:35  Drone x7  
  139  10:45  Queen, Hatchery  
  139  10:49  Hatchery  
  139  10:53  Baneling x12  
  139  10:54  Zergling x4  
  139  11:02  Zergling x14  
  142  11:04  Baneling x3  
  142  11:13  Zergling x2  
  142  11:14  Zergling x16  
  142  11:17  Baneling x3  
  150  11:19  Overseer  
  150  11:20  Overseer  
  150  11:22  Zergling x6  
  150  11:23  Baneling  
  150  11:24  Baneling x2  
  149  11:31  Baneling x8  
  149  11:32  Zergling x6  
  146  11:34  Baneling x3  
  146  11:35  Baneling  
  136  11:44  Zergling x14  
  133  11:51  Zergling x12  
  128  11:57  Zergling x2  
  120  12:03  Zergling x6  
Tags
 
Add a new tag
Caveats
  • Supply blocks, unpowered buildings, or Contaminate may cause inaccurate times.
  • Supply counts are checked every 10 seconds.